 Dungeon Crawl Stone Soup version 0.26.1-11-gd32895ea62 (webtiles) character file.

Game seed: 4351207176566311352

96 buriedalive the Chiller (level 4, -4/24 HPs)
             Began as a Deep Elf Ice Elementalist on July 6, 2021.
             Slain by an ice beast (9 damage)
             ... on level 3 of the Dungeon.
             The game lasted 00:07:43 (2973 turns).

buriedalive the Chiller (Deep Elf Ice Elementalist) Turns: 2973, Time: 00:07:43

Health: -4/24      AC:  5    Str:  4 (5)  XL:     4   Next: 41%
Magic:  10/10      EV: 14    Int: 19 (21) God:
Gold:   111        SH:  0    Dex: 13 (15) Spells: 2/9 levels left

rFire    . . .     SeeInvis .   c - +1 dagger
rCold    . . .     Faith    .   (no shield)
rNeg     . . .     Spirit   .   a - +0 robe
rPois    .         Reflect  .   g - +0 helmet
rElec    .         Harm     .   h - +0 cloak
rCorr    .         Rampage  .   (no gloves)
Will     +....                  l - +0 pair of boots
Stlth    ++........             n - amulet of regeneration
HPRegen  0.48/turn              e - ring of willpower
MPRegen  0.12/turn              (no ring)

@: no status effects
A: no striking features
a: no special abilities


You were on level 3 of the Dungeon.
You visited 1 branch of the dungeon, and saw 3 of its levels.

You collected 111 gold pieces.

Inventory:

Hand Weapons
 c - a +1 dagger (weapon)
Missiles
 f - 49 stones
 p - 7 curare-tipped darts
Armour
 a - a +0 robe (worn)
 g - a +0 helmet (worn)
 h - a +0 cloak (worn)
 l - a +0 pair of boots (worn)
Magical Staves
 w - an uncursed staff of fire {unknown}
Jewellery
 e - a ring of willpower (left hand)
 n - an amulet of regeneration (around neck)
Scrolls
 j - 2 scrolls of teleportation
 o - a scroll of magic mapping {unknown}
 s - a scroll of remove curse
Potions
 b - a potion of haste
 i - 2 potions of heal wounds
 k - 2 potions of curing


   Skills:
 + Level 4.3 Dodging
 - Level 2.4 Stealth
 - Level 3.0 Spellcasting
 + Level 5.5 Ice Magic


You had 2 spell levels left.
You knew the following spells:

 Your Spells              Type           Power        Failure   Level
a - Freeze                Ice            92%          1%          1
b - Frozen Ramparts       Ice            46%          4%          3
c - Ozocubu's Armour      Ice            23%          4%          3

Your spell library contained the following spells:

 Spells                   Type           Power        Failure   Level
 Hailstorm                Conj/Ice       13%          43%         4
 Summon Ice Beast         Ice/Summ       13%          43%         4


Dungeon Overview and Level Annotations

Branches:
Dungeon (3/15)

Altars:
Makhleb


Message History

You hit the ice beast but do no damage.
The ice beast is heavily wounded.
The ice beast closely misses you.
You hit the ice beast but do no damage.
The ice beast is heavily wounded.
Your icy armour evaporates.
The ice beast closely misses you.
You hit the ice beast but do no damage.
The ice beast is heavily wounded.
The ice beast hits you but does no damage.
You hit the ice beast.
The ice beast is severely wounded.
The ice beast hits you. The ice beast freezes you!
Ouch! That really hurt!
You hit the ice beast.
The ice beast is severely wounded.
The ice beast hits you.
* * * LOW HITPOINT WARNING * * *
The ice beast freezes you!
You die...

#...# #.#...# #†# ...##
#.#.######.## ..## ####
#.#.........# .## #..#
#####.########### .#
##.####.......##### ##
#.................# #
#..####.....#.###.#
######..##########.###.#
.#.........#...Y@......#
.#.###.###.#.#####.#####
.#.# .... #.#.....####
.#.#...#.# #.#........##
##.#####.#
#.###.#.......
.........#
#...Y..###.###
...####### ######## .#
.......... # ...#######


You could see an ice beast.

Vanquished Creatures
  2 adders (D:3)
  2 worms (D:2)
  2 leopard geckos
  10 orcs (D:3)
  3 giant cockroaches
  5 hobgoblins
  8 jackals
  A quokka (D:2)
  3 ball pythons
  5 bats
  4 frilled lizards
  3 goblins
  5 kobolds
  6 rats
59 creatures vanquished.

Notes
Turn   | Place    | Note
-------+----------+-------------------------------------------
     0 | D:1      | buriedalive the Deep Elf Ice Elementalist began the quest
                  | for the Orb.
     0 | D:1      | Reached XP level 1. HP: 10/10 MP: 6/6
   252 | D:1      | Reached XP level 2. HP: 9/15 MP: 5/8
  1318 | D:2      | Reached skill level 5 in Ice Magic
  1318 | D:2      | Reached XP level 3. HP: 19/19 MP: 5/9
  1550 | D:2      | Found a burning altar of Makhleb.
  1761 | D:2      | Learned a level 3 spell: Frozen Ramparts
  1765 | D:2      | Learned a level 3 spell: Ozocubu's Armour
  2168 | D:3      | Reached XP level 4. HP: 24/24 MP: 6/10
  2902 | D:3      | Noticed an ice beast
  2973 | D:3      | Slain by an ice beast

Illustrated notes

Levels and vault maps discovered:
D:1:      co_arrival_random_square_maze, layout_basic
D:2:      layout_rooms, bloody_makhleb
D:3:      layout_basic, serial_curves, eino_curves_02, eino_curves_02

Skill      XL: |  1  2  3 |
---------------+----------+-----
Dodging        | 3 4 |  4.3
Ice Magic      | 5 |  5.5
Stealth        | |  2.4
Spellcasting   | |  3.0

Action                   |  1- 3 |  4- 6 || total
-------------------------+-------+-------++-------
Melee: Dagger            |    32 |    49 ||    81
       Unarmed           |     2 |       ||     2
 Cast: Freeze            |    37 |     4 ||    41
       Frozen Ramparts   |     3 |     3 ||     6
       Ozocubu's Armour  |       |     1 ||     1
  Use: Scroll            |     4 |     4 ||     8
       Potion            |       |     7 ||     7
 Stab: Sleeping          |     8 |     3 ||    11
Armor: Robe              |    14 |     7 ||    21
       Skin              |       |    38 ||    38
Dodge: Dodged            |    46 |    25 ||    71
